 Dungeon Crawl Stone Soup version 0.26.1-2-gb8aa6d0cf2 (webtiles) character file.

Game seed: 4104227323123569781

95 Descartes the Skirmisher (level 4, 0/24 HPs)
             Began as a Vine Stalker Fighter on Feb 21, 2021.
             Slain by a gnoll (2 damage)
             ... on level 3 of the Dungeon on Feb 23, 2021.
             The game lasted 00:04:46 (2285 turns).

Descartes the Skirmisher (Vine Stalker Fighter)     Turns: 2285, Time: 00:04:47

Health: 0/24       AC:  6    Str: 19    XL:     4   Next: 66%
Magic:  0/5        EV:  7    Int:  9    God:
Gold:   110        SH:  9    Dex: 13    Spells: 3/3 levels left

rFire    . . .     SeeInvis .   a - +0 war axe
rCold    . . .     Faith    .   c - +0 kite shield
rNeg     . . .     Spirit   +   b - +0 scale mail
rPois    .         Reflect  .   (no helmet)
rElec    .         Harm     .   (no cloak)
rCorr    .         Rampage  .   (no gloves)
Will     .....                  (no boots)
Stlth    ..........             s - amulet of regeneration
HPRegen  0.88/turn              (no ring)
MPRegen  0.09/turn              (no ring)

@: no status effects
A: fangs 2, regeneration 1, magic shield, antimagic bite, no potion heal 3
a: no special abilities


You were on level 3 of the Dungeon.
You visited 1 branch of the dungeon, and saw 3 of its levels.

You collected 110 gold pieces.

Inventory:

Hand Weapons
 a - a +0 war axe (weapon)
 t - a +0 mace of protection
Missiles
 j - 107 stones (quivered)
 l - 23 arrows
 o - 24 bolts
Armour
 b - a +0 scale mail (worn)
 c - a +0 kite shield (worn)
Jewellery
 s - an amulet of regeneration (around neck)
Scrolls
 f - 7 scrolls of identify {unknown}
 g - 2 scrolls of amnesia {unknown}
 i - 2 scrolls of fear {unknown}
 k - a scroll of enchant weapon {unknown}
 p - a scroll of remove curse {unknown}
 u - a scroll of magic mapping {unknown}
Potions
 d - 2 potions of might
 e - a potion of resistance {unknown}
 h - a potion of ambrosia {unknown}
 m - 2 potions of flight {unknown}
 n - 2 potions of curing {unknown}
 q - a potion of lignification {unknown}
 r - a potion of brilliance {unknown}


   Skills:
 + Level 3.5 Fighting
 - Level 2.1 Axes
 + Level 3.1 Armour
 + Level 3.4 Shields


You had 3 spell levels left.
You didn't know any spells.
Your spell library was empty.

Dungeon Overview and Level Annotations

Branches:
Dungeon (3/15)

Altars:
Elyvilon
Fedhas
Zin


Innate Abilities, Weirdness & Mutations

You have extremely sharp teeth.
Your natural rate of healing is unusually fast.
When hurt, damage is shared between your health and your magic reserves.
Your bite disrupts and absorbs the magic of your enemies.
Potions cannot restore your health.


Message History

You are too injured to fight recklessly!
You are too injured to fight recklessly!
You slash the gnoll!
You kill the gnoll!
You block the gnoll's attack.
The gnoll hits you but does no damage. x2
The gnoll closely misses you.
You closely miss the gnoll. Your bite misses the gnoll.
The gnoll hits you but does no damage. x2; The gnoll hits you.
The gnoll hits you from afar with a +0 spear!
* * * LOW HITPOINT WARNING * * *
You barely miss the gnoll. Your bite misses the gnoll.
The gnoll hits you from afar with a +0 spear.
* * * LOW HITPOINT WARNING * * *
The gnoll hits you.
* * * LOW HITPOINT WARNING * * *
The gnoll hits you but does no damage.
The gnoll hits you from afar with a +0 spear.
* * * LOW HITPOINT WARNING * * *
The gnoll hits you.
You die...

##.## ##...
#..###...
##.##..#
#.##.####
#..>....#
####.##.# .###
##### ##..# ..
.....
......##..## ##
#.....
.....gg@.##
#...
.....g.#.......
......
........[######
####..
......#### #.#
...... ...
...... ###
..... #####


You could see 3 gnolls.

Vanquished Creatures
  A gnoll (D:3)
  2 adders (D:2)
  2 oozes
  A worm (D:3)
  A dart slug (D:1)
  2 leopard geckos (D:1)
  2 ball pythons
  2 giant cockroaches (D:1)
  5 goblins
  3 hobgoblins
  6 kobolds
  4 quokkas (D:2)
  6 bats
  6 frilled lizards
  10 rats
53 creatures vanquished.

Notes
Turn   | Place    | Note
-------+----------+-------------------------------------------
     0 | D:1      | Descartes the Vine Stalker Fighter began the quest for the
                  | Orb.
     0 | D:1      | Reached XP level 1. HP: 11/11 MP: 2/2
    27 | D:1      | Reached XP level 2. HP: 16/16 MP: 3/3
   498 | D:1      | Reached XP level 3. HP: 20/20 MP: 4/4
  1501 | D:2      | Found a glowing silver altar of Zin.
  1501 | D:2      | Found a blossoming altar of Fedhas.
  1512 | D:2      | Gained mutation: Your natural rate of healing is unusually
                  | fast. [Vine Stalker growth]
  1512 | D:2      | Reached XP level 4. HP: 22/24 MP: 3/5
  1686 | D:2      | Found a white marble altar of Elyvilon.
  2285 | D:3      | Slain by a gnoll

Illustrated notes

Levels and vault maps discovered:
D:1:      dpeg_arrival_tiny_a, layout_basic
D:2:      layout_basic, elyvilon_altar_1, gammafunk_temple_overflow_pools,
          minmay_tromino_v7
D:3:      layout_rooms

Skill      XL: |  1  2  3  4 |
---------------+-------------+-----
Axes           | 2 |  2.1
Fighting       | 3 |  3.5
Shields        | 3 |  3.4
Armour         | 3 |  3.1

Action                   |  1- 3 |  4- 6 || total
-------------------------+-------+-------++-------
Melee: War axe           |    84 |    43 ||   127
       Bite              |    21 |    12 ||    33
Armor: Scale mail        |    33 |    23 ||    56
Dodge: Dodged            |    28 |    16 ||    44
Block: Kite shield       |    55 |    28 ||    83
